 Dungeon Crawl Stone Soup version 0.17-a0-1510-gb3fb22e (webtiles) character file.

973 Fluffy the Ducker (level 7, -1/55 HPs)
             Began as a Demonspawn Gladiator on July 11, 2015.
             Was a Believer of Makhleb.
             Succumbed to an orc wizard's poison
             ... on level 6 of the Dungeon.
             The game lasted 00:17:52 (6369 turns).

Fluffy the Ducker (Demonspawn Gladiator)            Turns: 6369, Time: 00:17:52

Health: -1/55      AC: 17    Str: 19    XL:     7   Next: 94%
Magic:  10/10      EV:  7    Int:  9    God:    Makhleb [**....]
Gold:   410        SH:  0    Dex: 13    Spells: 0 memorised, 6 levels left

rFire  + + .     SeeInvis .     a - +0 long sword
rCold  + . .     Clarity  .     B - +0 plate armour
rNeg   + . .     SustAt   .     (no shield)
rPois  +         Gourm    .     c - +0 helmet
rElec  +         Spirit   .     (no cloak)
rCorr  +         Warding  .     H - +0 pair of gloves
rMut   .         Stasis   .     (no boots)
MR     .....                    C - amulet of resist corrosion
Stlth  ..........               x - ring of positive energy
                                h - +2 ring of strength

@: lethally poisoned (-1 -> -49), resistant, not resistant to hostile
enchantments, extremely unstealthy
A: talons 2, rough black scales 1, fire resistance 1, powered by pain 1
a: Minor Destruction, Renounce Religion


You were on level 6 of the Dungeon.
You worshipped Makhleb.
Makhleb was pleased with you.
You were hungry.

You visited 2 branches of the dungeon, and saw 7 of its levels.

You collected 410 gold pieces.

Inventory:

Hand weapons
 a - a +0 long sword (weapon)
Missiles
 d - 3 throwing nets (quivered)
 A - 8 javelins
Armour
 c - a +0 helmet (worn)
 B - a +0 plate armour (worn)
 H - a +0 pair of gloves (worn)
Jewellery
 h - a +2 ring of strength (left hand)
 x - a ring of positive energy (right hand)
 z - an uncursed ring of flight
 C - an amulet of resist corrosion (around neck)
Magical devices
 s - a wand of fire (8)
 u - a wand of enslavement (18)
Scrolls
 i - a scroll of fear {unknown}
 j - 4 scrolls of remove curse {unknown}
 l - 8 scrolls of amnesia {unknown}
 m - a scroll of enchant weapon {unknown}
 o - 2 scrolls of magic mapping {unknown}
 r - 9 scrolls of identify {unknown}
 y - a scroll of recharging {unknown}
 F - a scroll of random uselessness {unknown}
 J - a scroll of teleportation {unknown}
Potions
 b - a potion of resistance
 f - a potion of flight {unknown}
 g - a potion of mutation {unknown}
 q - a potion of lignification {unknown}
 t - a potion of degeneration {unknown}
 v - 2 potions of haste {unknown}
 D - 2 potions of heal wounds {unknown}
 E - 2 potions of curing {unknown}
 G - a potion of might {unknown}
Comestibles
 e - 8 bread rations
 k - 2 meat rations
 n - a royal jelly
 p - 2 beef jerkies
 w - a slice of pizza
 I - a chunk of flesh


   Skills:
 + Level 4.4 Fighting
 + Level 4.6 Long Blades
 - Level 1.7 Throwing
 + Level 3.6 Armour
 + Level 4.7 Dodging
 + Level 4.2 Invocations


You had 6 spell levels left.
You didn't know any spells.

Dungeon Overview and Level Annotations

Branches:
Dungeon (6/15)             Temple (1/1) D:5

Altars:
Ashenzari
Cheibriados
Dithmenos
Fedhas
Gozag
Kikubaaqudgha
Makhleb
Nemelex Xobeh
Okawaru
Qazlal
Ru
Sif Muna
Trog
Vehumet
Xom
Yredelemnul
Zin
The Shining One

Shops:
D:4 (

Annotations:
D:4 Eleanoora's ghost, average NaEn


Innate Abilities, Weirdness & Mutations

You have razor-sharp toenails.
You are partially covered in rough black scales (AC +4, Dex -1).
Your flesh is heat resistant.
You sometimes gain a little power by taking damage.


Message History

Something hits you but does no damage. x2
You are more poisoned.
You are feeling hungry.
You closely miss something. Your kick misses something.
* * * LOW HITPOINT WARNING * * *
You feel very sick.
Something hits you but does no damage. x3
You are more poisoned.
Drink which item? (? for menu, Esc to quit)
Okay, then.
* * * LOW HITPOINT WARNING * * *
You feel very sick.
You hear some strange, mumbled words.
A puff of frost appears from out of thin air!
The puff of frost hits you!
* * * LOW HITPOINT WARNING * * *
Drink which item? (? for menu, Esc to quit)
It was a potion of resistance.
You feel protected.
You die...

#.....##.###'###.# #.#
.......##.........# #.#
####....###.##.###.###.#
#....###....# #.....# #.
..#####.# ####.##
#.##.## #.# #.# .....#
##.## #)# #..###...# #.#
#{{@.....# ###.#
#[####...###...#
#.......#...#.....#
s..........#...#.....#
####.......#####.....#
#.......# #.....#
#(...=..# #######
#.......# #########


There were no monsters in sight!

Vanquished Creatures
  A wyvern (D:4)
  A hippogriff (D:6)
  An ice beast (D:5)
  A centaur (D:6)
  A vampire bat (D:3)
  A giant frog skeleton (D:4)
  A hound (D:1)
  An iguana (D:4)
  An orc wizard (D:5)
  3 worker ants
  The ghost of Eleanoora the Insei, a weakling SpTm (D:3)
  6 adders
  A shadow imp (D:5)
  An ooze (D:2)
  2 worms (D:3)
  An adder zombie (D:5)
  3 fire bats (D:3)
  8 giant geckos
  10 orcs
  2 spectral bats (D:3)
  22 bats
  A bat simulacrum (D:3)
  3 bat skeletons (D:3)
  A bat zombie (D:3)
  5 giant cockroaches
  8 goblins
  17 hobgoblins
  6 jackals (D:3)
  10 kobolds
  2 quokkas
  2 ball pythons
  A giant cockroach zombie (D:5)
  5 giant newts
  2 gnoll zombies (D:3)
  A quokka skeleton (D:4)
  A quokka zombie (D:5)
  11 rats
145 creatures vanquished.

Notes
Turn   | Place    | Note
--------------------------------------------------------------
     0 | D:1      | Fluffy the Demonspawn Gladiator began the quest for the Orb.
     0 | D:1      | Reached XP level 1. HP: 16/16 MP: 1/1
   328 | D:1      | Gained mutation: You sometimes gain a little power by taking damage. [demonic ancestry]
   328 | D:1      | Reached XP level 2. HP: 8/22 MP: 2/2
   644 | D:1      | Reached skill level 3 in Dodging
   942 | D:1      | Reached skill level 1 in Armour
   942 | D:1      | Gained mutation: Your flesh is heat resistant. [demonic ancestry]
   942 | D:1      | Reached XP level 3. HP: 7/28 MP: 3/3
  1482 | D:2      | Found a shattered altar of Ashenzari.
  1494 | D:2      | Reached XP level 4. HP: 34/34 MP: 4/4
  1640 | D:2      | Found a radiant altar of Vehumet.
  2022 | D:2      | You fall through a shaft!
  2125 | D:3      | You fall through a shaft for 2 floors!
  2125 | D:5      | Entered Level 5 of the Dungeon
  2268 | D:5      | Found a burning altar of Makhleb.
  2268 | D:5      | Found a deep blue altar of Sif Muna.
  2271 | D:5      | Became a worshipper of Makhleb the Destroyer
  2360 | D:5      | Noticed an ice beast
  2427 | D:4      | Found Gaid's Antique Weapon Shop.
  2440 | D:4      | Gained mutation: You have sharp toenails. [demonic ancestry]
  2440 | D:4      | Reached XP level 5. HP: 21/40 MP: 5/5
  2682 | D:4      | Noticed Eleanoora's ghost (average NaEn)
  2704 | D:4      | Reached skill level 1 in Invocations
  2857 | D:3      | Noticed Eleanoora's ghost (weakling SpTm)
  2884 | D:3      | Killed Eleanoora's ghost
  3346 | D:3      | Reached skill level 4 in Dodging
  3346 | D:3      | Gained mutation: You are partially covered in rough black scales (AC +4, Dex -1). [demonic ancestry]
  3346 | D:3      | Reached XP level 6. HP: 44/47 MP: 7/7
  3360 | D:3      | Acquired Makhleb's first power
  3639 | D:3      | Found a basalt altar of Yredelemnul.
  4313 | D:4      | Acquired Makhleb's second power
  4479 | D:4      | Noticed a wyvern
  4496 | D:4      | Killed a wyvern
  4496 | D:4      | Gained mutation: You have razor-sharp toenails. [demonic ancestry]
  4496 | D:4      | Reached XP level 7. HP: 5/53 MP: 7/9
  5150 | D:5      | Killed an ice beast
  5152 | D:5      | Found a staircase to the Ecumenical Temple.
  5208 | Temple   | Entered the Ecumenical Temple
  6288 | D:6      | Found a shimmering altar of Xom.
  6369 | D:6      | Succumbed to an orc wizard's poison

Vault maps used:
D:1:      mrwooster_arrival_statue_3, minmay_cut_off
D:2:      nicolae_overflow_hidden_temple, overflow_temple_1_default,
          kennysheep_generic_room_16
D:3:      lemuel_zombie_altar_yredelemnul, hangedman_decor_peaks_small,
          goddamned_bats
D:4:      serial_shops, nicolae_shop_crystal
D:5:      gammafunk_temple_overflow_elements, minmay_temple_entry_junction,
          first_bread
D:6:      lemuel_doored_altar
Temple:   circular_temple_12

Action                   |  1- 3 |  4- 6 |  7- 9 || total
-------------------------+-------+-------+-------++-------
Melee: Long sword        |   105 |   369 |   155 ||   629
Evoke: Wand              |       |     1 |       ||     1
  Use: Potion            |       |       |     1 ||     1
  Eat: Chunk             |     2 |    10 |     6 ||    18
